 Dungeon Crawl Stone Soup version 0.26-a0-639-g72c4674329 (webtiles) character file.

Game seed: 4713525771664931491

182 Kaptain the Magician (level 5, -4/34 HPs)
             Began as an Octopode Hedge Wizard on Sept 16, 2020.
             Slain by an ogre
             ... wielding a +0 giant club
              (28 damage)
             ... on level 3 of the Dungeon.
             The game lasted 00:15:28 (4844 turns).

Kaptain the Magician (Octopode Hedge Wizard)        Turns: 4844, Time: 00:15:30

Health: -4/34      AC:  1    Str: 10    XL:     5   Next: 61%
Magic:  3/10       EV: 13    Int: 17    God:
Gold:   127        SH:  0    Dex: 11    Spells: 3/11 levels left

rFire    . . .     SeeInvis .   r - +2 mace (vorpal)
rCold    . . .     Faith    .   (no shield)
rNeg     . . .     Spirit   .   b - +0 hat
rPois    .         Reflect  .   (no amulet)
rElec    .         Harm     .   (no ring)
rCorr    .         Rampage  .   (no ring)
MR       .....                  (no ring)
Stlth    +++.......             (no ring)
HPRegen  0.11/turn              (no ring)
MPRegen  0.12/turn              (no ring)
                                (no ring)
                                (no ring)

@: no status effects
A: almost no armour, stealthy swim, amphibious, 8 rings, constrict 8, camouflage
1, gelatinous body 1
a: no special abilities


You were on level 3 of the Dungeon.
You visited 1 branch of the dungeon, and saw 4 of its levels.

You collected 127 gold pieces.

Inventory:

Hand Weapons
 d - a +0 short sword
 n - a +0 trident
 r - a +2 vorpal mace (weapon)
Missiles
 k - 66 stones (quivered)
Armour
 b - a +0 hat (worn)
 c - a +0 kite shield
Scrolls
 f - 2 scrolls of remove curse
 g - 2 scrolls of enchant weapon {unknown}
 h - a scroll of magic mapping {unknown}
 l - a scroll of enchant armour {unknown}
 m - a scroll of amnesia {unknown}
 o - 3 scrolls of identify
 p - a scroll of teleportation {unknown}
Potions
 a - a potion of heal wounds {unknown}
 e - a potion of haste
 j - a potion of invisibility {unknown}
 q - a potion of ambrosia {unknown}
 s - a potion of lignification {unknown}


   Skills:
 + Level 1.6 Fighting
 + Level 2.7 Dodging
 + Level 3.7 Stealth
 * Level 3.9 Spellcasting
 * Level 3.0 Conjurations
 - Level 1.0 Summonings
 - Level 1.0 Translocations


You had 3 spell levels left.
You knew the following spells:

 Your Spells              Type           Power        Failure   Level
a - Magic Dart            Conj           ##..         4%          1
b - Blink                 Tloc           N/A          16%         2
c - Call Imp              Summ           #.......     16%         2
d - Mephitic Cloud        Conj/Pois/Air  #.......     32%         3

Your spell library contained the following spells:

 Spells                   Type           Power        Failure   Level
 Apportation              Tloc           #.....       11%         1
 Summon Small Mammal      Summ           #...         11%         1
 Animate Skeleton         Necr           #.....       16%         1
 Corona                   Hex            #......      16%         1
 Slow                     Hex            #.......     24%         2
 Conjure Flame            Conj/Fire      #.......     26%         3


Dungeon Overview and Level Annotations

Branches:
Dungeon (4/15)
 Temple: D:4-7

Altars:
Hepliaklqana
Vehumet


Innate Abilities, Weirdness & Mutations

You cannot wear most types of armour.
You are very stealthy in the water. (Stealth+)
You are amphibious.
You can wear up to eight rings at the same time.
You can use your tentacles to constrict eight enemies at once.
Your skin changes colour to match your surroundings (Stealth+).
Your rubbery body absorbs attacks. (AC +1, EV +1)


Message History

The ogre is heavily wounded.
The ogre closely misses you.
Casting: Magic Dart (safe; 4% risk of failure)
Confirm with . or Enter, or press ? or * to list all spells.
Aiming: Magic Dart (safe; 4% risk of failure)
Press: ? - help, Shift-Dir - straight line, f/p - ogre
Aim: an ogre, wielding a +0 giant club (heavily wounded)
The magic dart hits the ogre.
The ogre is severely wounded.
The ogre misses you.
Casting: Magic Dart (safe; 4% risk of failure)
Confirm with . or Enter, or press ? or * to list all spells.
Aiming: Magic Dart (safe; 4% risk of failure)
Press: ? - help, Shift-Dir - straight line, f/p - ogre
Aim: an ogre, wielding a +0 giant club (severely wounded)
The magic dart hits the ogre.
The ogre is severely wounded.
The ogre hits you with a +0 giant club!!
Ouch! That really hurt!
You die...

####.......##
.........#..#
########.##.##
#.##..#############
####'###.#...........#
#......#.#.#########.#
#......#.#.# #.#
#####......#...#######
#.#
............>..O@....#
#.#
.......#.###...#####.#
#.#
######.#...........#.#
#.# #.#####.......#.#
#.# #.# ##.........###.#
###'####............#.#
#.....................#
#.........#.#######.####
#.........#..# #....#


You could see an ogre.

Vanquished Creatures
  A bullfrog (D:4)
  2 adders (D:2)
  5 worms
  A dart slug (D:2)
  A leopard gecko (D:1)
  5 giant cockroaches
  11 goblins
  9 hobgoblins
  2 jackals (D:2)
  5 bats
  5 frilled lizards
  10 kobolds
  8 rats
65 creatures vanquished.

Vanquished Creatures (collateral kills)
  Crazy Yiuf (D:3)
1 creature vanquished.

Vanquished Creatures (others)
  An adder (D:3)
1 creature vanquished.

Grand Total: 67 creatures vanquished

Notes
Turn   | Place    | Note
-------+----------+-------------------------------------------
     0 | D:1      | Kaptain the Octopode Hedge Wizard began the quest for the
                  | Orb.
     0 | D:1      | Reached XP level 1. HP: 11/11 MP: 4/4
   166 | D:1      | Reached XP level 2. HP: 17/18 MP: 0/6
   932 | D:1      | Reached XP level 3. HP: 13/22 MP: 2/7
  1481 | D:2      | Found a hazy altar of Hepliaklqana.
  1511 | D:2      | Reached skill level 1 in Fighting
  2190 | D:2      | Reached XP level 4. HP: 28/28 MP: 7/9
  2228 | D:2      | Learned a level 2 spell: Blink
  2231 | D:2      | Learned a level 2 spell: Call Imp
  2235 | D:2      | Learned a level 3 spell: Mephitic Cloud
  3405 | D:3      | Found a radiant altar of Vehumet.
  3477 | D:3      | Found a runed translucent door.
  3478 | D:3      | Noticed Crazy Yiuf
  4283 | D:3      | Killed Crazy Yiuf
  4283 | D:3      | Reached XP level 5. HP: 20/33 MP: 0/10
  4763 | D:4      | Noticed an ogre
  4844 | D:3      | Slain by an ogre

Illustrated notes

Levels and vault maps discovered:
D:1:      erik_arrival_cave_to_civilisation [erik_arrival_cave_to_hall],
          layout_rooms
D:2:      layout_loops_corners, lemuel_coloured_pillars_altar,
          minmay_increasing_density
D:3:      layout_basic, fiery_altar_vehumet, uniq_crazy_yiuf_cottage
D:4:      layout_basic, grunt_temple_overflow_champion_of_chaos, minivault_24,
          uniq_ijyb

Skill      XL: |  1  2  3  4  5 |
---------------+----------------+-----
Stealth        | 3 |  3.7
Fighting       | 1 |  1.6
Conjurations   | 2 3 |  3.0
Dodging        | |  2.7
Spellcasting   | |  3.9
Summonings     | |  1.0
Translocations | |  1.0

Action                   |  1- 3 |  4- 6 || total
-------------------------+-------+-------++-------
Melee: Short sword       |    27 |    16 ||    43
       Dagger            |     7 |       ||     7
       Constrict         |     9 |     6 ||    15
       Tentacles         |       |     2 ||     2
       Mace              |       |     1 ||     1
 Cast: Magic Dart        |    89 |    82 ||   171
       Call Imp          |       |     2 ||     2
  Use: Scroll            |       |     3 ||     3
       Potion            |       |     2 ||     2
 Stab: Sleeping          |     2 |     4 ||     6
Armor: Skin              |     8 |       ||     8
Dodge: Dodged            |    53 |    16 ||    69

Table legend: (Time is in decaauts)
 A = Elapsed time spent in this place.
 B = Non-inter-level travel time spent in this place.
 C = Inter-level travel time spent in this place.
 D = Time resting spent in this place.
 E = Time spent auto-exploring this place.
 F = Levels seen in this place.
 G = Mean time per level.
                   A        B        C        D        E       F      G
               +--------+--------+--------+--------+--------+-----+--------+
         Total |   4829 |   4675 |    154 |   1673 |   2309 |   4 | 1207.2 |
       Dungeon |   4829 |   4675 |    154 |   1673 |   2309 |   4 | 1207.2 |
               +--------+--------+--------+--------+--------+-----+--------+

Top non-repeatable levels by time:
     D:2: 1809 daAuts
     D:1: 1474 daAuts
     D:3: 1440 daAuts
     D:4: 104 daAuts
